 Dungeon Crawl Stone Soup version 0.31.0-11-ge490571c62 (webtiles) character file.

Game seed: 12772083655711003615

28 Skeral the Ruffian (level 2, 0/36 HPs)
             Began as a Demigod Shapeshifter on Jan 29, 2024.
             Slain by Terence
             ... wielding a +0 falchion
              (8 damage)
             ... on level 2 of the Dungeon.
             The game lasted 00:02:26 (1129 turns).

Skeral the Ruffian (Demigod Shapeshifter)           Turns: 1129, Time: 00:02:26

Health: 0/36       AC: 21    Str: 15    XL:     2   Next: 78%
Magic:  4/4        EV: -1    Int: 12    God:
Gold:   58         SH:  0    Dex: 13    Spells: 1/1 levels left

rFire   . .          .
                       - Unarmed
rCold   . . .        (no shield)
rNeg    . . .        a - melded +0 animal skin
rPois   +            (helmet currently unavailable)
rElec   .            (cloak currently unavailable)
rCorr   .            (gloves currently unavailable)
SInv    .            (boots currently unavailable)
Will    .....        (no amulet)
Stlth   +            (no ring)
HPRegen 0.26/turn    (no ring)
MPRegen 0.09/turn

%: no passive effects
@: tree-form, constricted
A: stationary, stasis, torment immunity, boosted hp, high MP 1, forlorn, divine
attributes
a: no special abilities


You were on level 2 of the Dungeon.
You were a tree.
You visited 1 branch of the dungeon, and saw 2 of its levels.

You collected 58 gold pieces.


Innate Abilities, Weirdness & Mutations

You are a tree.
Your roots penetrate the ground, keeping you stationary.
You cannot be teleported.
You are immune to unholy pain and torment.
Your maximum health is greatly increased.
Your equipment is partially melded.
You have an increased reservoir of magic. (+10% MP)
You shall have no god before yourself.
Your divine heritage dramatically boosts your attributes as you level up.


   Skills:
 + Level 2.0 Fighting
 - Level 1.7 Dodging
 + Level 3.3 Unarmed Combat
 - Level 2.6 Shapeshifting


You had one spell level left.
You didn't know any spells.
Your spell library contained the following spells:

 Spells                   Type           Power      Damage    Failure   Level
 Dazzling Flash           Conj/Hex       0%         N/A       69%         3
 Mephitic Cloud           Conj/Alch/Air  0%         N/A       69%         3
 Curse of Agony           Necr           0%         N/A       100%        5
 Silence                  Hex/Air        0%         N/A       100%        5

Inventory:

Armour
 a - a +0 animal skin (melded)
Jewellery
 v - a ring of see invisible
   (You found it on level 1 of the Dungeon)
Talismans
 c - a beast talisman
 d - a flux talisman
Scrolls
 e - 3 scrolls of revelation {unknown}
 f - a scroll of amnesia {unknown}
 g - 2 scrolls of identify {unknown}
 h - a scroll of teleportation {unknown}

Dungeon Overview and Level Annotations

Branches:
Dungeon (2/15) Zot: 10874

Annotations:
D:2 Terence

#....#.# ...... ..
#########....# #..#
#......##.##S#....#
#...........$..#..
#..###.........<..K
#..[##..#.##.......
#.#.##..#S@##.##...
#.#)##..##♣##.# #.
#........†....#
.....######.####
####.# ###.### .#
#....<# #.....#
#.....# #.....#
#.....#


You could see Terence and a ball python.


Message History

😮 HP[+1] 😕 HP[+1]
You pick up a book of the Senses and begin reading...
You add the spells Dazzling Flash, Mephitic Cloud, Curse of Agony and Silence to your library.
v - a ring of see invisible 😕 HP[+1]
You start resting. 😕 HP[+2]
You regained 2 hp, and now have 22/24 hp. 😕 HP[+1] 😎 HP[+1]
Your hp is fully restored (24).
A goblin comes into view. It is wielding a +0 club.
The goblin shouts!
The goblin hits you but does no damage.
You hit the goblin. The goblin hits you but does no damage.
You punch the goblin!
You kill the goblin!
Things that are here:
a +0 club; a goblin corpse
Found a faded altar of an unknown god.
There is a faded altar of an unknown god here.
Found a stone staircase leading down.
There is a stone staircase leading down here.
A hobgoblin comes into view.
You hit the hobgoblin. The hobgoblin closely misses you.
You hit the hobgoblin.
You kill the hobgoblin!
Your Fighting skill increases to level 2!
You see here a hobgoblin corpse.
g - 2 scrolls labelled SERUZO QAEDD (gained 1)
h - a scroll labelled JOLOEM HULE
There is an open door here.
There is an open door here.
Things that are here:
a jackal skeleton; a jackal skeleton
Things that are here:
a +0 club; a goblin corpse
Found a stone staircase leading down.
There is a stone staircase leading down here.
Done exploring.
There is an escape hatch in the floor here.
There is a stone staircase leading down here.
You climb downwards.
There is a stone staircase leading up here.
Found a stone staircase leading down.
You now have 51 gold pieces (gained 12).
A ball python comes into view.
The ball python hisses angrily.
You hit the ball python. The ball python misses you. x2
You closely miss the ball python. The ball python closely misses you.
The ball python grabs you.
The ball python constricts you. 😕 HP[-1]
You take 1 damage, and now have 23/24 hp.
You punch the ball python!
You kill the ball python! 😎 HP[+1]
Your hp is fully restored (24).
You see here a ball python corpse.
You now have 58 gold pieces (gained 7).
Found a stone staircase leading up.
Terence, a ball python and a kobold come into view.
The ball python hisses angrily.
There is a stone staircase leading down here.
You hit Terence. Terence completely misses you.
You hit Terence. Terence closely misses you.
You hit Terence.
Terence hits you with a +0 falchion! 😮 HP[-11]
You take 11 damage, and now have 13/24 hp.
MASSIVE DAMAGE!! (PAUSE)
You hit Terence. Terence hits you with a +0 falchion.
* * * LOW HITPOINT WARNING * * *
The ball python bites you.
* * * LOW HITPOINT WARNING * * *
The ball python misses you. 😨 HP[-5]
You take 5 damage, and now have 8/24 hp.
MASSIVE DAMAGE!! (PAUSE)
Your transformation has ended.
You turn into a tree.
Your +0 animal skin melds into your body.
Your roots penetrate the ground.
The ball python bites you.
* * * LOW HITPOINT WARNING * * *
The ball python grabs you. The ball python constricts you.
Terence hits you but does no damage. 😨 HP[+3]
You now have 36 max hp (+12).
You regained 3 hp, and now have 11/36 hp.
You hit Terence but do no damage.
The ball python bites you but does no damage.
The ball python constricts you. Terence hits you with a +0 falchion.
* * * LOW HITPOINT WARNING * * *
😱 HP[-3]
You take 3 damage, and now have 8/36 hp.
You completely miss Terence.
The ball python bites you but does no damage.
The ball python constricts you. Terence hits you with a +0 falchion!
You die...
Terence says, "Time to find some more victims."

Skill      XL: |  1  2 |
---------------+-------+-----
Fighting       | 1 2 |  2.0
Unarmed Combat | 3 |  3.3
Dodging        | |  1.7
Shapeshifting  | |  2.6

Action                     || total
---------------------------++-------
  Melee: Unarmed           ||    80
         Punch             ||     1
    Use: Potion            ||     1
 Armour: Animal skin       ||    44
         Skin              ||     6
  Dodge: Dodged            ||    44

Levels and vault maps discovered:
D:1:      minmay_arrival_four_loops, layout_basic,
          chequers_ecumenical_altar_simple_redux
D:2:      layout_loops_cross, uniq_natasha, uniq_terence

Notes
Turn   | Place    | Note
-------+----------+-------------------------------------------
     0 | D:1      | Skeral the Demigod Shapeshifter began the quest for the
                  | Orb.
     0 | D:1      | Reached XP level 1. HP: 15/15 MP: 3/3
     0 | D:1      | magus.rc [v1.10.3]
    51 | D:1      | HP: 3/15 [kobold/+0 whip (5)]
   118 | D:1      | Reached skill level 1 in Fighting
   165 | D:1      | Reached skill level 3 in Unarmed Combat
   261 | D:1      | Reached XP level 2. HP: 10/23 MP: 4/4
   689 | D:1      | You pick up a book of the Senses and begin reading...
   689 | D:1      | You add the spells Dazzling Flash, Mephitic Cloud, Curse of
                  | Agony and Silence to your library.
   863 | D:1      | Reached skill level 2 in Fighting
  1118 | D:2      | Noticed Terence
  1128 | D:2      | HP: 8/36 [Terence/+0 falchion (3)]
  1129 | D:2      | Slain by Terence

Vanquished Creatures
  A dart slug (D:1)
  4 ball pythons
  2 endoplasms (D:1)
  A giant cockroach (D:1)
  2 hobgoblins (D:1)
  3 jackals (D:1)
  2 bats (D:1)
  A frilled lizard (D:1)
  2 goblins (D:1)
  3 kobolds (D:1)
  3 rats (D:1)
24 creatures vanquished.

Table legend:
 A = Non-vault XP
 B = Vault XP
 C = Vault XP percentage of total XP
 D = Non-vault monster count
 E = Vault monster count
 F = Vault count percentage of total count
                 A         B        C        D         E       F
            +---------+---------+-------+---------+---------+-------
      Total |      41 |       0 |   0.0 |      24 |       0 |   0.0
            +---------+---------+-------+---------+---------+-------
        D:1 |      40 |       0 |   0.0 |      23 |       0 |   0.0
        D:2 |       1 |       0 |   0.0 |       1 |       0 |   0.0
            +---------+---------+-------+---------+---------+-------

Skill      XL: |  1  2 |
---------------+-------+-----
Fighting       | 1 2 |  2.0
Unarmed Combat | 3 |  3.3
Dodging        | |  1.7
Shapeshifting  | |  2.6

Action                     || total
---------------------------++-------
  Melee: Unarmed           ||    80
         Punch             ||     1
    Use: Potion            ||     1
 Armour: Animal skin       ||    44
         Skin              ||     6
  Dodge: Dodged            ||    44

Illustrated notes

Table legend:
 A = Kills in this place as a percentage of kills in the entire game.
 B = Kills by you in this place as a percentage of kills by you in the entire game.
 C = Kills by friends in this place as a percentage of kills by friends in the entire game.
 D = Other kills in this place as a percentage of other kills in the entire game.
 E = Experience gained in this place as a percentage of experience gained in the entire game.
 F = Experience gained in this place divided by the number of levels of this place that you have seen.
                   A       B       C       D       E      F
               +-------+-------+-------+-------+-------+----------------------
         Total | 100.0 | 100.0 |   N/A |   N/A | 100.0 |  20.5
       Dungeon | 100.0 | 100.0 |   N/A |   N/A | 100.0 |  20.5
               +-------+-------+-------+-------+-------+----------------------

Table legend: (Time is in decaauts)
 A = Elapsed time spent in this place.
 B = Non-inter-level travel time spent in this place.
 C = Inter-level travel time spent in this place.
 D = Time resting spent in this place.
 E = Time spent auto-exploring this place.
 F = Levels seen in this place.
 G = Mean time per level.
                   A        B        C        D        E       F      G
               +--------+--------+--------+--------+--------+-----+--------+
         Total |   1124 |   1084 |     40 |     78 |    626 |   2 |  562.0 |
       Dungeon |   1124 |   1084 |     40 |     78 |    626 |   2 |  562.0 |
               +--------+--------+--------+--------+--------+-----+--------+

Top non-repeatable levels by time:
     D:1: 1077 daAuts
     D:2: 47 daAuts
